 Dungeon Crawl Stone Soup version 0.21.0-3-g78d12a8 (console) character file.

122 ahub the Ducker (level 4, 0/24 HPs)
             Began as a Spriggan Monk on Jan 10, 2018.
             Slain by a worker ant (8 damage)
             ... on level 3 of the Dungeon.
             The game lasted 00:04:24 (2479 turns).

ahub the Ducker (Spriggan Monk)                     Turns: 2479, Time: 00:04:25

Health: 0/24       AC:  3    Str: 12    XL:     4   Next: 78%
Magic:  5/5        EV: 22    Int: 11    God:
Gold:   74         SH:  0    Dex: 19    Spells: 3/3 levels left

rFire    . . .     SeeInvis +   a - +1 short sword
rCold    . . .     Gourm    .   (shield restricted)
rNeg     . . .     Faith    .   b - +0 robe
rPois    .         Spirit   .   (helmet restricted)
rElec    .         Reflect  .   m - +0 cloak
rCorr    .         Harm     .   (gloves unavailable)
MR       +....                  (boots unavailable)
Stlth    +++.......             (no amulet)
HPRegen  0.08/turn              n - ring of protection from magic
MPRegen  0.09/turn              (no ring)

@: mighty, very quick
A: very small, unfitting armour, see invisible, deterioration 1, herbivore,
speed 3, sense surroundings 1, slow metabolism 2, subdued magic 1
a: no special abilities


You were on level 3 of the Dungeon.
You were not hungry.

You visited 1 branch of the dungeon, and saw 3 of its levels.

You collected 74 gold pieces.

Inventory:

Hand Weapons
 a - a +1 short sword (weapon)
Armour
 b - a +0 robe (worn)
 m - a +0 cloak (worn)
Jewellery
 n - a ring of protection from magic (left hand)
Scrolls
 d - a scroll of enchant weapon
 e - a scroll of identify
 f - a scroll of fog {unknown}
 h - 2 scrolls of blinking {unknown}
 i - a scroll of teleportation {unknown}
 o - a scroll of remove curse {unknown}
Potions
 g - a potion of degeneration
 l - a potion of heal wounds {unknown}
Comestibles
 c - 7 rations


   Skills:
 + Level 3.0 Fighting
 + Level 3.9 Short Blades
 * Level 5.8 Dodging
 * Level 5.1 Stealth


You had 3 spell levels left.
You didn't know any spells.

Dungeon Overview and Level Annotations

Branches:
Dungeon (3/15)

Altars:

Annotations:
D:2 Sigmund


Innate Abilities, Weirdness & Mutations

You are very small and have problems with some larger weapons.
You are too small for most types of armour.
You have supernaturally acute eyesight. (SInv)
You are a herbivore.
You cover ground extremely quickly.
You need consume almost no food.
Your body sometimes deteriorates upon taking damage.
You passively map a small area around you.
Your spells are a little easier to cast, but a little less powerful.


Message History

You feel sick.
There is an open door here.
You feel sick.
It was a potion of mutation.
You feel extremely strange.
You feel yourself wasting away.
Your connection to magic feels subdued.
You feel a strange attunement to the structure of the dungeons.
You feel sick.
It was a potion of might.
You feel very mighty all of a sudden.
You are too injured to fight recklessly!
The worker ant closely misses you.
You barely miss the worker ant.
The worker ant is moderately wounded.
The worker ant misses you.
You barely miss the worker ant.
The worker ant is moderately wounded.
You feel sick.
You are no longer poisoned.
The worker ant bites you!
You die...

####............# #
#........###########
# ..#
#..................#
# ..#
#.....>............#
# ..#
#..................#
# ..#
#..................#
# ..#
#..................#
# ..#
#..................#
# ..#
#.............<....#
# ..#
#..................#
# '##
#.........@........#
# .#
#........a.........#
# .#
#..................#
# .#
#........###########
# .###########'### #
......a......# #
############## # # #
# #


You could see a worker ant.

Vanquished Creatures
  An orc priest (D:3)
  Jessica (D:2)
  An adder (D:3)
  2 worms
  3 dart slugs (D:1)
  2 leopard geckos (D:1)
  4 orcs (D:3)
  2 giant cockroaches
  2 goblins (D:1)
  4 hobgoblins
  6 kobolds
  A ball python (D:1)
  5 bats
  A frilled lizard (D:1)
  8 rats
43 creatures vanquished.

Notes
Turn   | Place    | Note
-------+----------+-------------------------------------------
     0 | D:1      | ahub the Spriggan Monk began the quest for the Orb.
     0 | D:1      | Reached XP level 1. HP: 11/11 MP: 2/2
   237 | D:1      | Reached XP level 2. HP: 16/16 MP: 3/3
   748 | D:1      | Reached skill level 5 in Dodging
   764 | D:1      | Reached XP level 3. HP: 19/19 MP: 4/4
   999 | D:2      | Noticed Jessica
  1014 | D:2      | Killed Jessica
  1131 | D:2      | Noticed Sigmund
  1366 | D:3      | Reached XP level 4. HP: 23/23 MP: 5/5
  2236 | D:3      | Reached skill level 5 in Stealth
  2473 | D:3      | Gained mutation: Your body sometimes deteriorates upon taking damage. [potion of mutation]
  2473 | D:3      | Gained mutation: Your spells are a little easier to cast, but a little less powerful. [potion of mutation]
  2473 | D:3      | Gained mutation: You passively map a small area around you. [potion of mutation]
  2479 | D:3      | Slain by a worker ant

Skill      XL: |  1  2  3  4 |
---------------+-------------+-----
Dodging        | 5 |  5.8
Stealth        | 4 5 |  5.1
Fighting       | 3 |  3.0
Short Blades   | |  3.9

Action                   |  1- 3 |  4- 6 || total
-------------------------+-------+-------++-------
Melee: Short sword       |    99 |    70 ||   169
  Use: Scroll            |       |     2 ||     2
       Potion            |       |     2 ||     2
 Stab: Sleeping          |     5 |       ||     5
       Distracted        |     1 |     1 ||     2
Armor: Robe              |     3 |     3 ||     6
Dodge: Dodged            |    69 |    52 ||   121
